Zazza, neutral female human Tourist -------- ------ |<|>...---....| |^|-....S@.`..| |^||.```|..``.| |^||....|`....| |^|------.----| |^| |......| |.------......| |.............| |..-----......| ---- -------- Zazza the Sightseer Experience level: 5 Strength: 14 Dexterity: 8 Constitution: 16 Intelligence: 10 Wisdom: 10 Charisma: 18 Health: 0(41) Energy: 23(23) Def: 7 Gold: 116 Moves: 6112 Dungeon seed: rFAqEcrzWMVWAzHW Game ID: Zazza_1532853134 Your Inventory: Coins $ - 116 gold pieces Weapons a - 34 +2 darts d - 5 +0 daggers (wielded) D - 6 +0 darts L - a +0 orcish dagger Armor e - an uncursed +0 Hawaiian shirt (being worn) n - a blessed +1 oilskin cloak (being worn) z - a blessed +1 orcish helm (being worn) Y - an uncursed +0 studded leather armor (being worn) Comestibles b - an uncursed lembas wafer c - 5 uncursed food rations f - an uncursed carrot E - an uncursed banana P - an uncursed egg U - an uncursed tripe ration Scrolls i - an uncursed scroll of magic mapping C - an uncursed scroll of punishment S - a cursed scroll of earth T - a blessed scroll of earth Potions B - a potion of holy water G - an uncursed potion of levitation O - a cursed potion of gain energy Rings t - an uncursed ring of free action (on left hand) Q - an uncursed ring of cold resistance Wands H - a wand of striking (0:3) M - a wand of light (0:13) R - a wand of create monster (0:13) Tools k - an expensive camera (0:64) w - an uncursed magic whistle y - an uncursed credit card F - an uncursed magic whistle X - an uncursed tin opener Spells and supernatural/magical abilities: Name Level Category Fail Memory l - light 1 divination 54% 92% W - pray for help -- divine ? -- Your skills at the end: Fighting Skills Weapon Skills dagger [Skilled] dart [Basic] Spellcasting Skills Final Attributes: You were piously aligned. You were telepathic. You had free action. You were lucky. You are dead. Vanquished creatures: an imp 2 rock piercers a fog cloud a gnome lord a guardian naga hatchling 5 elf zombies 3 giant ants 2 floating eyes a homunculus 7 hill orcs a rothe a giant bat a monkey an orc zombie a wererat 5 coyotes 2 gas spores 2 hobbits a large kobold a hobgoblin 2 giant rats 6 cave spiders a brown mold 2 yellow molds a red mold 5 garter snakes 2 gnome zombies 6 geckos 5 jackals 3 kobolds 5 goblins a sewer rat 10 grid bugs a bat 4 lichens a kobold zombie 8 newts 103 creatures vanquished. Voluntary challenges: You used a wielded weapon 141 times, starting on turn 1488. You read items or engraved 4 times, starting on turn 4486. You never genocided any monsters. You never polymorphed an object. You never changed form. You used no wishes. You never split a pudding. You never wrote Elbereth's name. You violated your moral code, losing 1 point of alignment, starting on turn 2361. Dungeon overview: The Dungeons of Doom: levels 1 to 8 Level 1 an altar to The Lady a long staircase Level 2 a general store a long staircase Level 3 some fountains Level 4 (gold) a fountain Level 5 Level 6 (gold) Level 7 many fountains Level 8 stairs to Sokoban Sokoban: Level 7 <- You were here stairs to The Dungeons of Doom History has recorded: On T:1 you entered the Dungeons of Doom to retrieve the Amulet of Yendor! On T:421 you advanced to experience level 2. On T:548 you reached level 2 of The Dungeons of Doom. On T:744 you advanced to experience level 3. On T:1427 you reached level 3 of The Dungeons of Doom. On T:1870 you reached level 4 of The Dungeons of Doom. On T:2007 you advanced to experience level 4. On T:2350 you reached level 5 of The Dungeons of Doom. On T:2957 you advanced to experience level 5. On T:4820 you reached level 6 of The Dungeons of Doom. On T:5174 you reached level 7 of The Dungeons of Doom. On T:5601 you reached level 8 of The Dungeons of Doom. On T:5952 you reached level 4 of Sokoban. Score breakdown: Gold: 0 ( 0 points) Experience: 5 levels (11141 points) Exploration: 8 levels ( 15.09%) (11006 points) Discoveries: 11 items ( 3.69%) ( 5763 points) Valuables value: (no points given unless you survive) Artifact value: 0 ( 0 points) Variety of kills: 37 monsters ( 9.71%) ( 9348 points) Turncount: 6112 turns (-1651 points) Survival: died (score multiplied by 80%) Total score: 28485 Latest messages: The snake bites! You hit it. The snake bites! You hit it. The snake bites! You miss it. The snake just misses! The snake bites! You miss it. The snake misses. You hit it. The snake bites! The wand hits it. The snake bites! The wand misses it. The snake bites! (2x) You begin praying to The Lady. The snake bites! You die... Final status: Aloha Zazza the Tourist, killed by a snake, while praying... You died in Sokoban on dungeon level 7 with 28485 points, and 116 pieces of gold, after 6112 moves. You were level 5 with a maximum of 41 hit points when you died.